 Dungeon Sprint DCSS version 0.30.0-29-ga12c61a403 (webtiles) character file.

Game seed: 8234809137916523712

488 boopmooplesden the Fighter (level 6, -1/64 HPs)
             Began as a Draconian Berserker on June 23, 2023.
             Was an Elder of Trog.
             Slain by a fire elemental (11 damage)
             ... summoned by a deep elf pyromancer
             ... in the Dungeon (Sprint III: "The Ten Rune Challenge").
             The game lasted 00:01:14 (1066 turns).

boopmooplesden the Fighter (Draconian Berserker)    Turns: 1066, Time: 00:01:15

Health: -1/64      AC:  6    Str: 21    XL:     6   Next: 90%
Magic:  6/6        EV: 14    Int:  8    God:    Trog [****..]
Gold:   26         SH:  0    Dex: 10    Spells: 5/5 levels left

rFire   . . .        a - +0 spear
rCold   . . .        (no shield)
rNeg    . . .        (body armour unavailable)
rPois   .            (helmet restricted)
rElec   .            (no cloak)
rCorr   .            (no gloves)
SInv    .            (no boots)
Will    .....        (no amulet)
Stlth   +            (no ring)
HPRegen 0.30/turn    (no ring)
MPRegen 0.10/turn

%: no teleportation
@: on berserk cooldown, slowed, very slow
A: AC +6, unfitting armour, cold-blooded
a: Renounce Religion, Berserk, Trog's Hand, Brothers in Arms


You were in the Dungeon.
You worshipped Trog.
Trog was greatly pleased with you.
You visited 1 branch You collected 26 gold pieces.

Inventory:

Hand Weapons
 a - a +0 spear (weapon)
Scrolls
 g - a scroll of blinking
 h - 3 scrolls of poison {unknown}
 j - a scroll of enchant weapon {unknown}
 m - a scroll of immolation {unknown}
Potions
 b - 4 potions of curing
 c - a potion of heal wounds
 d - a potion of haste
 e - 2 potions of magic
 f - 2 potions of berserk rage
 i - 3 potions of mutation {unknown}
 k - a potion of invisibility {unknown}
 l - a potion of flight {unknown}


   Skills:
 + Level 9.5 Fighting
 + Level 9.4 Polearms
 + Level 8.4 Dodging
 + Level 1.0 Stealth


You had 5 spell levels left.
You didn't know any spells.
Your spell library was empty.

Dungeon Overview and Level Annotations

Branches:
Dungeon (1/1)

Altars:
Dithmenos
Elyvilon
Kikubaaqudgha
Okawaru
Ru
Sif Muna
Trog
Uskayaw
Vehumet
Wu Jian
Yredelemnul
Zin
The Shining One


Innate Abilities, Weirdness & Mutations

Your plain brown scales are hard. (AC +6)
You cannot fit into any form of body armour.
You are cold-blooded and may be slowed by cold attacks.


Message History

The bolt of fire misses you.
You closely miss the deep elf pyromancer.
The deep elf pyromancer is lightly wounded.
The deep elf pyromancer barely misses you.
You closely miss the deep elf pyromancer.
The deep elf pyromancer is lightly wounded.
The deep elf pyromancer mumbles some strange words.
You hit the deep elf pyromancer.
Your tail-slap misses the deep elf pyromancer.
The deep elf pyromancer is lightly wounded.
The deep elf pyromancer hits you with a +2 long sword of holy wrath.
The fire elemental misses you. The fire elemental hits you.
The fire elemental burns you!
You hit the deep elf pyromancer.
The deep elf pyromancer is moderately wounded.
The deep elf pyromancer hits you but does no damage.
The fire elemental hits you. The fire elemental burns you!
The fire elemental closely misses you.
You puncture the deep elf pyromancer!
Your tail-slap misses the deep elf pyromancer.
The deep elf pyromancer is heavily wounded.
The fire elemental misses you. The fire elemental hits you.
The fire elemental burns you!
The deep elf pyromancer hits you with a +2 long sword of holy wrath.
You hit the deep elf pyromancer.
The deep elf pyromancer is heavily wounded.
The fire elemental closely misses you. The fire elemental misses you.
The deep elf pyromancer hits you with a +2 long sword of holy wrath.
You hit the deep elf pyromancer.
Your tail-slap misses the deep elf pyromancer.
The deep elf pyromancer is severely wounded.
The fire elemental hits you. The fire elemental burns you!
The fire elemental misses you.
The deep elf pyromancer mumbles some strange words.
The deep elf pyromancer blinks!
The fire elemental hits you. The fire elemental burns you!
* * * LOW HITPOINT WARNING * * *
You fail to use your ability.
The fire elemental hits you. The fire elemental burns you!
You die...

▓▓▓▓▓▓▓ ▓▓▓ .'....♣♣♣
♣.############ .#......♣
♣.#___#___#__# ##....♣.♣
♣.#..E#__)#)_# .#....~.♣
♣♣.###@#'###'##
.#...~~.♣♣♣..#..§E......#
.#..~~~~.♣.♣.'.⌠........#
'#..~≈≈~~~♣..#)e.######+#
†#.~~≈~~~....#.⌠.#
.#.~≈~~~.....#...#
.#.~~~.......#'###
##...........#)::#
.............#___#


You could see a deep elf pyromancer and 2 fire elementals.

Vanquished Creatures
  A water elemental (D)
  A necrophage (D)
  A necromancer (D)
  A kobold demonologist (D)
  3 humans (D)
  A phantom (D)
  An endoplasm (D)
  3 rats (D)
12 creatures vanquished.

Vanquished Creatures (others)
  A wizard (D)
1 creature vanquished.

Grand Total: 13 creatures vanquished

Notes
Turn   | Place    | Note
-------+----------+-------------------------------------------
     0 | D        | boopmooplesden the Draconian Berserker began the quest for
                  | the Orb.
     0 | D        | Reached XP level 1. HP: 19/19 MP: 1/1
    16 | D        | Reached ** piety under Trog
    45 | D        | Reached XP level 2. HP: 28/28 MP: 2/2
   292 | D        | Noticed a water elemental
   298 | D        | Killed a water elemental
   299 | D        | Reached skill level 5 in Polearms
   299 | D        | Reached skill level 5 in Dodging
   299 | D        | Reached XP level 3. HP: 37/37 MP: 3/3
   299 | D        | Reached XP level 4. HP: 44/44 MP: 4/4
   427 | D        | Found a basalt altar of Yredelemnul.
   427 | D        | Found a shadowy altar of Dithmenos.
   427 | D        | Found a sacrificial altar of Ru.
   427 | D        | Noticed a necrophage
   433 | D        | Killed a necrophage
   433 | D        | Reached *** piety under Trog
   434 | D        | Reached XP level 5. HP: 30/51 MP: 5/5
   652 | D        | Found a radiant altar of Vehumet.
   653 | D        | Found a shimmering blue altar of Sif Muna.
   653 | D        | Found an ancient bone altar of Kikubaaqudgha.
   895 | D        | Found a hide-covered altar of Uskayaw.
   895 | D        | Found an iron altar of Okawaru.
   895 | D        | Found a bloodstained altar of Trog.
   895 | D        | Found an ornate altar of the Wu Jian Council.
   895 | D        | Noticed a human
   895 | D        | Noticed a human
   904 | D        | Killed a human
   904 | D        | Reached **** piety under Trog
   905 | D        | Reached XP level 6. HP: 59/62 MP: 6/6
   912 | D        | Killed a human
   913 | D        | Reached skill level 1 in Stealth
  1046 | D        | Found a glowing silver altar of Zin.
  1047 | D        | Found a glowing golden altar of the Shining One.
  1047 | D        | Found a white marble altar of Elyvilon.
  1047 | D        | Noticed a deep elf pyromancer
  1061 | D        | Noticed a fire elemental
  1061 | D        | Noticed a fire elemental
  1066 | D        | Slain by a fire elemental

Illustrated notes

Levels and vault maps discovered:
D:        dungeon_sprint_mu [sprint_mu_entry_forest, sprint_mu_temple_rooms,
          sprint_mu_d1_spiders, sprint_mu_d2_genie, sprint_mu_d3_branching,
          sprint_mu_orc_legion, sprint_mu_elf_gauntlet, sprint_mu_hive_nellie,
          sprint_mu_lair_fedhas, sprint_mu_vaults_butterflies,
          sprint_mu_slime_circle, sprint_mu_shoals_archi,
          sprint_mu_snake_twists, sprint_mu_blade_basic, sprint_mu_crypt_lich,
          sprint_mu_tomb_spiral, sprint_mu_vestibule_basic,
          sprint_mu_gehenna_hellfire, sprint_mu_dis_giant,
          sprint_mu_tartarus_statrot, sprint_mu_cocytus_islands, sprint_mu_zot1]

Skill      XL: |  1  2  3  4  5  6 |
---------------+-------------------+-----
Dodging        | 3 5 6 7 8 |  8.4
Fighting       | 4 6 8 9 |  9.5
Polearms       | 4 5 6 8 9 |  9.4
Stealth        | 1 |  1.0

Action                     |  1- 3 |  4- 6 || total
---------------------------+-------+-------++-------
  Melee: Spear             |    30 |    47 ||    77
         Tailslap          |     3 |     1 ||     4
 Invoke: Berserk           |     3 |     4 ||     7
 Armour: Skin              |     3 |    10 ||    13
  Dodge: Dodged            |    17 |    15 ||    32
